 Seeded DCSS version 0.30.1-4-g462c640d31 (webtiles) character file.

Game seed: 6351066067085065685 (custom seed)

2694 Esekla the Thaumaturge (level 9, -3/45 HPs)
             Began as a Deep Elf Necromancer on Aug 29, 2023.
             Was a Priest of Vehumet.
             Slain by a wight
             ... wielding a +3 halberd
              (15 damage)
             ... on level 7 of the Dungeon.
             The game lasted 00:35:44 (5701 turns).

Esekla the Thaumaturge (Deep Elf Necromancer)       Turns: 5701, Time: 00:35:44

Health: -3/45      AC:  5    Str:  5    XL:     9   Next: 38%
Magic:  25/25      EV: 14    Int: 25    God:    Vehumet [***...]
Gold:   398        SH:  0    Dex: 15    Spells: 16/28 levels left

rFire   . . .        c - +0 scimitar
rCold   . . .        (no shield)
rNeg    . . .        k - +0 robe
rPois   .            i - +0 helmet
rElec   .            f - +0 cloak
rCorr   .            l - +0 pair of gloves
SInv    .            (no boots)
Will    .....        A - amulet of magic regeneration
Stlth   +++          (no ring)
HPRegen 0.27/turn    (no ring)
MPRegen 0.59/turn

%: no passive effects
@: no status effects
A: no striking features
a: Renounce Religion


You were on level 7 of the Dungeon.
You worshipped Vehumet.
Vehumet was most pleased with you.
You visited 1 branch of the dungeon, and saw 7 of its levels.

You collected 398 gold pieces.

Inventory:

Hand Weapons
 a - a +2 vampiric dagger
 c - a +0 scimitar (weapon)
 r - a +4 trident of venom
 s - the +5 rapier of the Hero {heavy, rN+ Dex+3}
   (You found it on level 3 of the Dungeon)

   Dex:       It affects your dexterity (+3).
   rN:        It protects you from negative energy.
Missiles
 u - 21 poisoned darts (quivered)
Armour
 f - a +0 cloak (worn)
 i - a +0 helmet (worn)
 k - a +0 robe (worn)
 l - a +0 pair of gloves (worn)
 G - a +0 buckler
Jewellery
 A - an amulet of magic regeneration (around neck)
Wands
 h - a wand of roots (20)
 x - a wand of mindburst (9)
 D - a wand of flame (14)
Scrolls
 m - a scroll of enchant armour
 n - 2 scrolls of amnesia {unknown}
 o - 2 scrolls of poison {unknown}
 p - 5 scrolls of blinking {unknown}
 v - 2 scrolls of fog {unknown}
 w - a scroll of silence
 y - 3 scrolls of enchant weapon {unknown}
 z - a scroll of magic mapping {unknown}
 C - 2 scrolls of fear
 F - 2 scrolls of teleportation {unknown}
Potions
 b - a potion of magic
 d - 3 potions of ambrosia {unknown}
 e - 5 potions of attraction
 g - 2 potions of heal wounds
 j - a potion of mutation
 q - 3 potions of brilliance {unknown}
 t - 2 potions of haste
 B - a potion of lignification
 E - 5 potions of curing


   Skills:
 + Level 3.1 Short Blades
 + Level 0.2 Throwing
 * Level 5.7 Dodging
 + Level 4.2 Stealth
 * Level 10.0 Spellcasting
 * Level 3.2 Conjurations
 * Level 8.7 Necromancy
 + Level 4.1 Translocations
 + Level 3.3 Fire Magic


You had 16 spell levels left.
You knew the following spells:

 Your Spells              Type           Power      Damage    Failure   Level
a - Necrotise             Necr           100%       1d9       1%          1
b - Foxfire               Conj/Fire      100%       2x1d9     1%          1
d - Vampiric Draining     Necr           54%        2d9       1%          3
e - Searing Ray           Conj           58%        2d6       1%          2
o - Scorch                Fire           58%        2d7       1%          2
t - Teleport Other        Tloc           33%        N/A       2%          3

Your spell library contained the following spells:

 Spells                   Type           Power      Damage    Failure   Level
 Lesser Beckoning         Tloc           66%        N/A       1%          2
 Animate Dead             Necr           54%        N/A       1%          4
 Gell's Gravitas          Tloc           33%        N/A       2%          3
 Agony                    Necr           54%        N/A       3%          5
 Spider Form              Tmut/Pois      12%        N/A       14%         3
 Cause Fear               Hex            6%         N/A       43%         4
 Summon Mana Viper        Hex/Summ       12%        N/A       80%         5


Dungeon Overview and Level Annotations

Branches:
Dungeon (7/15)             Temple (0/1) D:6

Altars:
Dithmenos
Fedhas
Hepliaklqana
Okawaru
Qazlal
Trog
Vehumet
Zin
The Shining One

Shops:
D:2 =   D:4 (


Message History

You feel your power returning.
Your Conjurations skill increases to level 3!
The searing ray hits the wight but does no damage.
A wight comes into view. It is wielding a +3 halberd.
The searing ray hits the wight but does no damage.
You finish channelling your searing ray.
You feel the dreadful sensation subside.
c - a +0 scimitar (weapon)
Casting: Searing Ray (safe; 1% risk of failure)
Confirm with . or Enter, or press ? or * to list all spells.
Aiming: Searing Ray (safe; 1% risk of failure)
Press: ? - help, Shift-Dir - straight line The searing ray hits the wight but does no damage. (Press . to maintain the ray.)
The wight hits you with a +4 scimitar!
You feel drained.
The searing ray hits the wight!
The wight is severely damaged.
The wight hits you with a +4 scimitar!
The searing ray hits the wight.
The wight is almost destroyed.
The searing ray hits the wight!
The wight is severely damaged.
The wight hits you with a +4 scimitar!
* * * LOW HITPOINT WARNING * * *
The searing ray hits the wight.
You destroy the wight!
Vehumet accepts your kill.
You feel your power returning.
The searing ray hits the wight.
The wight is almost destroyed.
You finish channelling your searing ray.
Your life force feels restored.
Your Spellcasting skill increases to level 10!
There is an open door here.
There is an open door here.
Items here: )) [ รท.
Things that are here:
a +0 club; a gnoll skeleton
There is an escape hatch in the ceiling here.
The wight hits you from afar with a +3 halberd!
You die...

... #....# #(..'.. ..
#....###########.###..
#.............##)# ###
#.....#######.##.#
#####.#<....#.##)#
##.##.#..#.##.#####
+..................
#####.####..######.
#.@.z...##..# #.
#.###.#.##..# #. #.#
#.#.##..# #. #.#
#.#.##..#######
#.###.#.##.........
#.....#.##.).).####
#######..'......###
######.........
#...##.....)...


You could see a wight.

Vanquished Creatures
  Pikel (D:6)
  A wyvern (D:7)
  Menkaure (D:7)
  An ice beast (D:6)
  A sky beast (D:6)
  2 black bears
  2 ogres
  A centaur (D:7)
  A phantom (D:7)
  Blork the orc (D:6)
  A kobold brigand (D:6)
  A gnoll sergeant (D:7)
  A bullfrog (D:7)
  2 scorpions (D:5)
  2 wights (D:7)
  A gnoll bouda (D:4)
  5 hounds
  A jelly (D:6)
  Crazy Yiuf (D:7)
  A sleepcap (D:5)
  5 iguanas
  An orc wizard (D:7)
  16 gnolls
  9 adders
  4 white imps
  An ufetubus (D:6)
  A worm (D:4)
  3 dart slugs
  15 orcs
  6 ball pythons
  4 endoplasms
  8 goblins
  5 hobgoblins
  A quokka (D:1)
  4 bats
  4 frilled lizards
  12 kobolds
  A rat (D:2)
128 creatures vanquished.

Notes
Turn   | Place    | Note
-------+----------+-------------------------------------------
     0 | D:1      | Esekla the Deep Elf Necromancer began the quest for the
                  | Orb.
     0 | D:1      | Reached XP level 1. HP: 10/10 MP: 6/6
   178 | D:2      | Found Renulab's Jewellery Shop.
   352 | D:4      | Found an iron altar of Okawaru.
   363 | D:4      | Found a glowing silver altar of Zin.
   439 | D:4      | Found a radiant altar of Vehumet.
   443 | D:4      | Became a worshipper of Vehumet
   449 | D:4      | Reached skill level 5 in Necromancy
   684 | D:3      | Reached XP level 2. HP: 15/15 MP: 8/8
   808 | D:3      | Identified the +5 rapier of the Hero {heavy, rN+ Dex+3}
   987 | D:1      | Reached XP level 3. HP: 16/19 MP: 9/9
  1057 | D:1      | Reached * piety under Vehumet
  1057 | D:1      | Offered knowledge of Foxfire by Vehumet.
  1085 | D:1      | Learned a level 1 spell: Foxfire
  1089 | D:1      | Learned a level 3 spell: Teleport Other
  1136 | D:1      | Learned a level 3 spell: Vampiric Draining
  1409 | D:2      | Noticed a black bear
  1571 | D:2      | Reached skill level 1 in Short Blades
  1571 | D:2      | Reached XP level 4. HP: 21/24 MP: 3/11
  1589 | D:2      | Found a faded altar of an unknown god.
  1773 | D:2      | Killed a black bear
  1774 | D:2      | Reached skill level 4 in Spellcasting
  1774 | D:2      | Reached skill level 1 in Translocations
  1774 | D:2      | Reached XP level 5. HP: 19/28 MP: 2/13
  1962 | D:3      | Found a stormy altar of Qazlal.
  1965 | D:3      | Found a hazy altar of Hepliaklqana.
  1965 | D:3      | Found a bloodstained altar of Trog.
  2364 | D:4      | Found a glowing golden altar of the Shining One.
  2388 | D:4      | Reached XP level 6. HP: 19/32 MP: 4/14
  2609 | D:4      | Offered knowledge of Scorch by Vehumet.
  2610 | D:4      | Reached skill level 5 in Spellcasting
  2613 | D:4      | Learned a level 2 spell: Scorch
  2756 | D:4      | Found Ponaysk's Antique Weapon Boutique.
  2981 | D:4      | Reached ** piety under Vehumet
  3257 | D:5      | Entered Level 5 of the Dungeon
  3265 | D:5      | Got the Parchment of the Lumpy Olives
  3281 | D:5      | Found a shadowy altar of Dithmenos.
  3429 | D:5      | Reached skill level 1 in Fire Magic
  3429 | D:5      | Reached XP level 7. HP: 36/36 MP: 15/17
  3687 | D:6      | Noticed Blork the orc
  3842 | D:5      | Reached skill level 6 in Spellcasting
  4199 | D:6      | Noticed Pikel
  4227 | D:6      | Killed Pikel
  4228 | D:6      | Reached skill level 5 in Dodging
  4228 | D:6      | Reached skill level 7 in Spellcasting
  4228 | D:6      | Reached XP level 8. HP: 22/41 MP: 8/21
  4373 | D:6      | Found a staircase to the Ecumenical Temple.
  4378 | D:6      | Offered knowledge of Searing Ray by Vehumet.
  4382 | D:6      | Learned a level 2 spell: Searing Ray
  4738 | D:6      | Reached skill level 8 in Spellcasting
  4740 | D:6      | Killed Blork the orc
  4909 | D:6      | Found a blossoming altar of Fedhas.
  5043 | D:7      | Found a runed translucent door.
  5044 | D:7      | Noticed Crazy Yiuf
  5051 | D:7      | Killed Crazy Yiuf
  5142 | D:7      | Reached *** piety under Vehumet
  5151 | D:7      | Reached skill level 9 in Spellcasting
  5151 | D:7      | Reached skill level 1 in Conjurations
  5151 | D:7      | Reached XP level 9. HP: 42/45 MP: 15/24
  5237 | D:7      | Noticed Menkaure
  5241 | D:7      | Killed Menkaure
  5664 | D:7      | HP: 2/43 [wight/+4 scimitar (12)]
  5666 | D:7      | Reached skill level 10 in Spellcasting
  5701 | D:7      | Slain by a wight

Illustrated notes

Levels and vault maps discovered:
D:1:      sevenhm_arrival_forest_fort_small_3, layout_rooms,
          chequers_serial_rivers_room_b, minmay_misc_feat_five
D:2:      layout_loops_ring, dreamdust_ecumenical_altar_angels_and_demons,
          serial_shops, shop
D:3:      layout_basic, grunt_temple_overflow_open, minmay_misc_feat_iff
D:4:      layout_basic, nicolae_overflow_quartered_altars, serial_shops,
          nicolae_diamond_shop
D:5:      layout_loops_ring, lemuel_doored_altar, minmay_misc_feat_rows,
          dreamdust_wishing_well
D:6:      layout_loops_cross, fedhas_altar_fruit_tree,
          minmay_temple_entry_glass, uniq_pikel, uniq_blork_the_orc
D:7:      layout_basic, uniq_menkaure, uniq_joseph, uniq_crazy_yiuf_cottage

Skill      XL: |  1  2  3  4  5  6  7  8  9 |
---------------+----------------------------+-----
Necromancy     | 5 6 7 8 |  8.7
Dodging        | 3 4 5 |  5.7
Stealth        | 3 4 |  4.2
Short Blades   | 1 2 3 |  3.1
Spellcasting   | 4 5 7 9 10 | 10.0
Translocations | 1 2 4 |  4.1
Fire Magic     | 1 2 3 |  3.3
Conjurations   | 1 3 |  3.2
Throwing       | |  0.2

Action                     |  1- 3 |  4- 6 |  7- 9 || total
---------------------------+-------+-------+-------++-------
  Melee: Short sword       |    99 |    69 |       ||   168
         Unarmed           |     9 |       |       ||     9
         Dagger            |       |    39 |    34 ||    73
         Punch             |       |     1 |       ||     1
         Rapier            |       |       |    27 ||    27
  Throw: Dart              |       |     3 |     8 ||    11
   Cast: Vampiric Draining |     3 |    30 |    33 ||    66
         Scorch            |       |     1 |    21 ||    22
         Teleport Other    |       |       |     5 ||     5
         Searing Ray       |       |       |    12 ||    12
  Evoke: Wand              |       |       |     3 ||     3
    Use: Scroll            |     1 |       |     8 ||     9
         Potion            |       |       |     2 ||     2
   Stab: Sleeping          |     4 |     5 |     4 ||    13
         Distracted        |     1 |       |       ||     1
 Armour: Robe              |    24 |    10 |    20 ||    54
  Dodge: Dodged            |    72 |    72 |    79 ||   223
